 Dungeon Crawl Stone Soup version 0.31-a0-1-g4198be8af4 (webtiles) character file.

Game seed: 8066045982211769057

209422 Pooter the Severer (level 18, -1/160 (166) HPs)
             Began as a Minotaur Berserker on Apr 30, 2023.
             Was an Elder of Trog.
             Slain by a spriggan defender
             ... wielding a +2 antimagic rapier
              (9 damage)
             ... on level 2 of the Swamp on May 2, 2023.
             The game lasted 02:59:41 (34248 turns).

Pooter the Severer (Minotaur Berserker)            Turns: 34248, Time: 02:59:41

HP:   -1/160 (166)  AC: 26    Str: 56    XL:     18   Next: 15%
MP:   0/17          EV: 11    Int:  7    God:    Trog [****..]
Gold: 2983          SH:  0    Dex:  9    Spells: 17/17 levels left

rFire   . . .        a - +4 executioner's axe (flame)
rCold   + + +        (shield currently unavailable)
rNeg    . . .        p - +3 scale mail of the Arcane {Str+10 Int-4 Slay+5}
rPois   +            Y - +1 hat "Cophuzeh" {rC+++ Will- Str+5}
rElec   .            Z - +2 cloak of the Forgotten Xenops {rPois Regen+}
rCorr   +            J - +2 pair of gloves {Str+3}
SInv    .            X - +2 pair of boots {rampage}
Will    +++..        k - amulet of Recklessness {+Inv rPois Will+ Regen+ rCorr}
Stlth   ++           G - +6 ring of intelligence
HPRegen 3.06/turn    z - +6 ring of strength
MPRegen 0.15/turn

%: rampage
@: mighty, strong-willed, on berserk cooldown, regenerating, slowed, lightly
drained, invisible (expiring), very slow
A: horns 2, retaliatory headbutt, strong 1
}: 1/15 runes: serpentine
a: Renounce Religion, Evoke Invisibility, Berserk, Trog's Hand, Brothers in Arms


You were on level 2 of the Swamp.
You worshipped Trog.
Trog was greatly pleased with you.
You visited 6 branches of the dungeon, and saw 29 of its levels.
You also visited: Sewer, Ossuary, Bailey, Gauntlet and Ice Cave.

You collected 3907 gold pieces.
You spent 924 gold pieces at shops.

Inventory:

Hand Weapons
 a - a +4 executioner's axe of flaming (weapon)
   (You acquired it on level 11 of the Dungeon)
 b - a +1 arbalest of freezing
   (You took it off a naga sharpshooter on level 3 of the Snake Pit)
 K - a +6 antimagic battleaxe
   (Trog gifted it to you on level 4 of the Snake Pit)
 T - a +2 heavy war axe
   (You took it off a naga warrior on level 4 of the Snake Pit)
Missiles
 o - 10 atropa-tipped darts
 v - 16 curare-tipped darts
 y - 2 silver boomerangs
 C - 79 poisoned darts
 D - 20 boomerangs (quivered)
 L - 13 datura-tipped darts
 Q - 15 javelins
Armour
 p - the +3 scale mail of the Arcane (worn) {Str+10 Int-4 Slay+5}
   (You acquired it on level 2 of the Orcish Mines)

   Str:       It affects your strength (+10).
   Int:       It affects your intelligence (-4).
   Slay:      It affects your accuracy & damage with ranged weapons and melee
   (+5).
 H - the +7 crystal plate armour of the Kettle-Drum {Rampage Will+ Dex+3 Stlth+}
   (You acquired it on level 11 of the Dungeon)

   Dex:       It affects your dexterity (+3).
   Rampage:   It bestows one free step when moving towards enemies.
   Will:      It increases your willpower.
   Stlth:     It makes you more stealthy.
 J - a +2 pair of gloves of strength (worn)
   (You found it on level 5 of the Lair of Beasts)
 W - a scarf of harm
   (You bought it in a shop on level 11 of the Dungeon)
 X - a +2 pair of boots of rampaging (worn)
   (You found it in a Gauntlet)
 Y - the +1 hat "Cophuzeh" (worn) {rC+++ Will- Str+5}
   (You found it in a Gauntlet)

   Str:       It affects your strength (+5).
   rC:        It renders you almost immune to cold.
   Will:      It decreases your willpower.
 Z - the +2 cloak of the Forgotten Xenops (worn) {rPois Regen+}
   (You found it in a Gauntlet)

   rPois:     It protects you from poison.
   Regen:     It increases your rate of health regeneration.
Jewellery
 k - the amulet of Recklessness (around neck) {+Inv rPois Will+ Regen+ rCorr}
   (You acquired it on level 11 of the Dungeon)

   [amulet of regeneration]

   rPois:     It protects you from poison.
   +Inv:      It lets you turn invisible.
   Regen:     It increases your rate of health regeneration.
   rCorr:     It protects you from acid and corrosion.
   Will:      It increases your willpower.
 n - an amulet of reflection
   (You found it on level 2 of the Dungeon)
 z - a +6 ring of strength (right hand)
   (You found it on level 3 of the Lair of Beasts)
 G - a +6 ring of intelligence (left hand)
   (You found it on level 2 of the Dungeon)
 I - a ring of willpower
   (You found it on level 6 of the Dungeon)
Wands
 f - a wand of flame (13)
   (You took it off Ijyb on level 3 of the Dungeon)
 i - a wand of polymorph (2)
   (You found it on level 13 of the Dungeon)
 j - a wand of mindburst (27)
   (You took it off an orc wizard on level 9 of the Dungeon)
 E - a wand of roots (29)
   (You found it on level 1 of the Lair of Beasts)
 M - a wand of charming (14)
   (You took it off Maurice on level 8 of the Dungeon)
 P - a wand of light (5)
   (You took it off a kobold brigand on level 8 of the Dungeon)
Scrolls
 c - 3 scrolls of silence
 m - 12 scrolls of immolation {!r}
 r - 5 scrolls of blinking
 s - 3 scrolls of poison {!r}
 t - 11 scrolls of teleportation {@r4}
 u - 5 scrolls of noise {!r}
 B - 3 scrolls of magic mapping
 O - 5 scrolls of fog
 U - 4 scrolls of fear
 V - 2 scrolls of butterflies
Potions
 e - 13 potions of curing {@q1}
 g - 7 potions of lignification {!q}
 q - 9 potions of haste {@q3}
 w - 7 potions of heal wounds {@q2}
 x - 3 potions of might
 A - 2 potions of invisibility
 F - 2 potions of resistance
 N - 3 potions of attraction {!q}
 R - 3 potions of flight
 S - 2 potions of mutation {!q}
Miscellaneous
 d - a tin of tremorstones (2/2)
   (You found it in a bailey)
 h - a piece from Xom's chessboard (15/15)
   (You found it in a bailey)
 l - a phantom mirror
   (You found it in a Gauntlet)


   Skills:
 + Level 15.7 Fighting
 * Level 19.6(20.6) Axes
 - Level 11.0(16.6) Maces & Flails
 * Level 14.4 Ranged Weapons
 + Level 17.4 Armour
 - Level 2.1 Dodging
 - Level 8.0 Stealth
 + Level 11.9 Evocations


You had 17 spell levels left.
You didn't know any spells.
Your spell library was empty.

Dungeon Overview and Level Annotations

Branches:
Dungeon (15/15)            Temple (0/1) D:6            Lair (5/5) D:11
  Swamp (2/4) Lair:3        Snake (4/4) Lair:2        Slime (0/5) Lair:5
    Orc (2/2) D:10            Elf (1/3) Orc:2        Vaults (0/5) D:14
 Depths (0/4) D:15          Sewer (visited)         Ossuary (visited)
 Bailey (visited)           IceCv (visited)         Gauntlet (visited)

Altars:
Elyvilon
Okawaru
Trog
Uskayaw
Wu Jian
Xom
Yredelemnul
Jiyva
Lugonu

Shops:
D:1 (   D:7 [   D:10 :   D:11 [   D:14 *   Orc:2 =[(*

Portals:
Abyss: D:5

Annotations:
D:4 1 runed translucent door, Crazy Yiuf
Swamp:2 1 transporter, Tiex's ghost, adept TrFi


Innate Abilities, Weirdness & Mutations

You have a pair of horns on your head.
You reflexively headbutt those who attack you in melee.
Your muscles are strong. (Str +4, Int/Dex -1)


Message History

You kill the elephant!
The elephant's corpse disappears in a puff of smoke!
The elephant trumpets!
The spriggan defender hits you with a +2 antimagic rapier!
* * * LOW HITPOINT WARNING * * *
The spriggan berserker hits you but does no damage.
You miss the spriggan defender.
The elephant trumpets!
You chop the spriggan berserker into pieces!!!
You burn the spriggan berserker.
You kill the spriggan berserker!
Trog accepts your kill.
You miss the spriggan berserker.
The elephant trumpets!
The spriggan defender barely misses you.
The spriggan berserker hits you but does no damage.
The spriggan defender hits you with a +2 antimagic rapier!!
* * * LOW HITPOINT WARNING * * *
The spriggan defender blocks your attack.
Your headbutt misses the spriggan defender.
You strike the helpless elephant from behind!
You slice the elephant!! You burn the elephant.
You closely miss the spriggan berserker.
The elephant trumpets!
The spriggan defender hits you but does no damage.
Unknown command.
The spriggan defender rages.
The elephant barely misses you. The elephant closely misses you.
The spriggan berserker prays to Trog.
The spriggan berserker goes berserk!
Things that are here:
a +0 dagger; a +0 robe You feel a strong urge to attack something.
The spriggan defender hits you but does no damage.
The spriggan defender attacks as you move away!
The spriggan defender barely misses you.
You furiously retaliate!
You headbutt the spriggan defender!!
You are no longer berserk.
You are exhausted.
You feel yourself slow down.
You hear a trumpeting!
You flicker for a moment.
The spriggan defender hits you with a +2 antimagic rapier.
* * * LOW HITPOINT WARNING * * *
You feel your power leaking away.
* * * LOW MAGIC WARNING * * *
The spriggan defender hits you with a +2 antimagic rapier!!
* * * LOW HITPOINT WARNING * * *
The spriggan defender hits you with a +2 antimagic rapier!
You die...

.~~~♣♣ ♣♣~~~♣♣ ♣.~§(♣♣♣
♣♣.~ ~~~~.♣♣♣ ♣..~~.♣
♣♣♣~~~~♣ ♣)~~
~~~....♣♣♣.~~~.♣ ♣♣♣♣~♣♣♣
♣.~~
~.~~~~~~~..~~~~♣♣♣....♣
♣♣.~
...~~~~.~.§~~.♣.......♣♣♣
♣♣.
.~..~~..♣~♣♣♣...........♣♣
♣♣.
~...♣♣♣♣♣♣♣♣....#####....♣
♣♣♣♣~~ .♣..♣
♣♣..###.©.###..♣♣♣~♣♣.§
♣♣♣♣♣ ♣..##.@...#
##..♣...... ♣
♣♣..##i.#.#####..♣~....♣
♣..##.###.#≈#.##....~.~♣
♣..#Y##§.[)##.i#...~♣.♣~
♣.©#iii#._...yW#©..~.~~~
♣..#.)yy.).i:ii#....~.~~
♣..##....#≈##.##.....~.~
♣♣..#....###..#..♣.~.♣♣♣
♣..##....#.###......♣♣


You could see an elephant (summoned, wandering, berserk, unable to see you), a
spriggan defender (berserk) and a spriggan.

Vanquished Creatures
  A tentacled monstrosity (Swamp:2)
  Kirke (D:15)
  4 nagarajas (Snake:4)
  The ghost of Puubajux the Bludgeoner, an adept GrFi of Gozag (Snake:3)
  2 orc warlords (Orc:1)
  A stone giant (D:15)
  3 eleionomae (Swamp:2)
  A dire elephant (Lair:5)
  A bunyip (Swamp:2)
  A minotaur (Gauntlet)
  The ghost of rogue the Protected, a journeyman MiCK of Ru (Swamp:1)
  A shambling mangrove (Swamp:2)
  10 hydras
  2 spectral fenstrider witches (Swamp:1)
  Erolcha (Orc:1)
  4 salamander tyrants
  Harold (D:11)
  An ogre mage (D:15)
  3 catoblepae (Lair:5)
  8 two-headed ogres
  5 boulder beetles
  11 anacondas
  2 ghost crabs (Swamp:2)
  5 centaur warriors
  11 naga warriors
  9 death yaks
  3 alligators
  2 tengu warriors
  4 orc high priests
  A spriggan berserker (Swamp:2)
  12 naga sharpshooters
  4 spriggans (Swamp:2)
  Nergalle (D:12)
  8 shock serpents
  4 salamander mystics
  5 skeletal warriors (D:14)
  8 goliath frogs
  A skyshark (Lair:4)
  4 spectral spriggans (Swamp:1)
  A bog body (Swamp:1)
  A lindwurm (Lair:5)
  A deep troll (D:15)
  10 naga ritualists
  3 orc knights
  A necromancer (D:15)
  4 deep elf pyromancers
  4 will-o-the-wisps
  10 mana vipers
  4 orc sorcerers
  A wolf spider (Lair:5)
  17 ugly things
  11 salamanders
  4 manticores
  3 cyclopes
  Maurice (D:8)
  16 naga magi
  9 guardian serpents
  59 black mambas
  2 ice statues (IceCv)
  8 elephants
  Maggie (D:6)
  A gargoyle (D:14)
  13 cane toads
  2 torpor snails
  3 centaur skeletons (D:14)
  2 unseen horrors (D:12)
  An efreet (D:13)
  5 rime drakes
  6 komodo dragons
  4 yaktaurs (D:14)
  2 tengu conjurers
  7 kobold demonologists
  2 ice devils (Lair:3)
  A spectral death drake (Swamp:1)
  6 trolls
  4 polar bears
  8 hornets
  Prince Ribbit (D:5)
  3 tyrant leeches
  5 blink frogs
  A dream sheep (shapeshifter) (D:13)
  7 slime creatures (D:12)
  2 dream sheep (Lair:5)
  A spectral meliai (Gauntlet)
  A centaur simulacrum (D:15)
  A vampire (D:11)
  A water elemental (D:14)
  4 wraiths
  13 wyverns
  5 basilisks
  A fire elemental (Orc:2)
  A spriggan simulacrum (Swamp:1)
  2 hogs (D:15)
  A human (shapeshifter) (D:13)
  18 yaks
  4 redbacks (Lair:5)
  10 vampire mosquitoes
  A death yak simulacrum (IceCv)
  2 steam dragons
  A death drake simulacrum (Swamp:1)
  2 wargs
  39 nagas
  12 swamp worms
  22 water moccasins
  A hydra simulacrum (IceCv)
  An acid dragon (D:14)
  2 swamp drakes
  34 orc warriors
  3 centaurs
  6 wolves (Gauntlet)
  8 ogres
  A phantom (D:5)
  4 elf zombies (Ossuary)
  18 kobold brigands
  17 bullfrogs
  2 gnoll sergeants
  2 scorpions
  3 wights (D:10)
  6 howler monkeys
  4 electric eels
  4 centaur zombies (Ossuary)
  A spectral boggart (Gauntlet)
  11 orc priests
  3 hounds
  4 human zombies (Ossuary)
  2 sleepcaps (D:6)
  A gnoll bouda (D:5)
  A jelly (D:7)
  Ijyb (D:3)
  Terence (D:2)
  2 iguanas (D:6)
  23 orc wizards
  A polar bear simulacrum (IceCv)
  A hell rat (Lair:5)
  A wolf simulacrum (IceCv)
  3 mummies (Ossuary)
  13 gnolls
  9 adders
  6 river rats (Sewer)
  3 shadow imps
  4 white imps
  An ufetubus (D:5)
  5 dart slugs
  50 orcs
  12 ball pythons
  3 endoplasms
  5 giant cockroaches
  5 goblins
  10 hobgoblins
  46 kobolds
  6 quokkas
  33 bats
  2 frilled lizards
  22 rats
  3 fungi (Swamp:2)
957 creatures vanquished.

Vanquished Creatures (collateral kills)
  A centaur skeleton (D:14)
  An orc warrior (D:14)
  A kobold brigand (D:14)
  An orc (D:11)
4 creatures vanquished.

Vanquished Creatures (others)
  A deep elf knight (Elf:1)
  A spectral spriggan (Swamp:1)
  A will-o-the-wisp (Swamp:1)
  2 bloated husks (Swamp:1)
  A human (D:15)
  A naga (Snake:4)
  2 kobold brigands (Bailey)
  A bush (Lair:5)
  20 foxfires
  25 fungi
  56 plants
111 creatures vanquished.

Grand Total: 1072 creatures vanquished

Notes
Turn   | Place    | Note
-------+----------+-------------------------------------------
     0 | D:1      | Pooter the Minotaur Berserker began the quest for the Orb.
     0 | D:1      | Reached XP level 1. HP: 19/19 MP: 0/0
   204 | D:1      | Reached XP level 2. HP: 27/27 MP: 1/1
   209 | D:1      | Reached skill level 4 in Axes
   211 | D:1      | Reached skill level 1 in Stealth
   400 | D:1      | Found Zareic's Antique Weapon Emporium.
   959 | D:1      | Found a shimmering altar of Xom.
  1103 | D:2      | Reached XP level 3. HP: 33/33 MP: 2/2
  1390 | D:2      | Identified the +10 whip "Poteprikh" {freeze, +Blink Str+5}
  1517 | D:2      | Noticed Terence
  1522 | D:2      | Killed Terence
  1523 | D:2      | Reached skill level 1 in Maces & Flails
  2212 | D:3      | Noticed Ijyb
  2216 | D:3      | Reached XP level 4. HP: 40/40 MP: 3/3
  2218 | D:3      | Killed Ijyb
  2242 | D:3      | Reached ** piety under Trog
  2306 | D:3      | Found a glowing drain.
  2328 | Sewer    | Entered a sewer
  2370 | Sewer    | Noticed a kobold brigand
  2370 | Sewer    | Noticed a kobold brigand
  2379 | Sewer    | Killed a kobold brigand
  2380 | Sewer    | Reached skill level 1 in Evocations
  2380 | Sewer    | Reached XP level 5. HP: 47/47 MP: 4/4
  2475 | Sewer    | Reached XP level 6. HP: 49/55 MP: 5/5
  2593 | Sewer    | Reached *** piety under Trog
  2662 | Sewer    | Reached skill level 5 in Fighting
  3412 | D:4      | Reached XP level 7. HP: 59/61 MP: 6/6
  3830 | D:4      | Found a runed translucent door.
  3831 | D:4      | Noticed Crazy Yiuf
  3875 | D:5      | Entered Level 5 of the Dungeon
  4065 | D:5      | Found a one-way gate to the infinite horrors of the Abyss.
  4065 | D:5      | Identified the +3 short sword of Qazlal's Condemnation
                  | {distort, rN+}
  4118 | D:5      | Reached skill level 5 in Maces & Flails
  4235 | D:5      | Reached **** piety under Trog
  4349 | D:5      | Reached XP level 8. HP: 70/70 MP: 7/7
  4394 | D:5      | Noticed Prince Ribbit
  4409 | D:5      | Killed Prince Ribbit
  4410 | D:5      | Reached skill level 5 in Stealth
  4489 | D:5      | Found a large runed translucent door.
  4489 | D:5      | Found a large runed translucent door.
  4489 | D:5      | Found a corrupted altar of Lugonu.
  5453 | D:6      | Reached XP level 9. HP: 78/78 MP: 8/8
  5667 | D:6      | Found a staircase to the Ecumenical Temple.
  5750 | D:6      | Noticed Maggie
  5760 | D:6      | Killed Maggie
  6431 | D:7      | Found a sand-covered staircase.
  6443 | Ossuary  | Entered an ossuary
  7126 | D:7      | Found Doboenuh's Antique Armour Shop.
  7163 | D:8      | Noticed Maurice
  7173 | D:8      | Killed Maurice
  7174 | D:8      | Reached skill level 5 in Evocations
  7174 | D:8      | Reached XP level 10. HP: 88/88 MP: 9/9
  7443 | D:8      | Identified the +0 hand axe "Killer Bee's Curse" {flame,
                  | rPois Will- Int+2}
  7450 | D:8      | Reached skill level 10 in Maces & Flails
  8140 | D:9      | Noticed a two-headed ogre
  8181 | D:9      | Found a flagged portal.
  8286 | Bailey   | Entered a bailey
  8329 | Bailey   | Reached skill level 1 in Ranged Weapons
  8601 | Bailey   | Found a burning altar of Makhleb.
  9065 | D:9      | Killed a two-headed ogre
  9066 | D:9      | Reached skill level 5 in Axes
  9220 | D:9      | Found an iron altar of Okawaru.
  9305 | D:9      | Found a shimmering altar of Xom.
  9454 | D:10     | Entered Level 10 of the Dungeon
  9464 | D:10     | Found a white marble altar of Elyvilon.
  9537 | D:10     | Reached XP level 11. HP: 85/97 MP: 10/10
  9676 | D:10     | Found Latro's Vocational Training.
  9842 | D:10     | Reached skill level 5 in Ranged Weapons
  9849 | D:10     | Found a staircase to the Orcish Mines.
  9858 | Orc:1    | Entered Level 1 of the Orcish Mines
  9865 | Orc:1    | Noticed an orc sorcerer
  9870 | Orc:1    | Killed an orc sorcerer
  9871 | Orc:1    | Reached skill level 6 in Axes
  9920 | Orc:1    | Reached ***** piety under Trog
 10353 | Orc:2    | Entered Level 2 of the Orcish Mines
 10353 | Orc:2    | Noticed Erolcha
 10353 | Orc:2    | Noticed an orc warlord
 10353 | Orc:2    | Noticed an orc sorcerer
 10353 | Orc:2    | Noticed an orc sorcerer
 10356 | Orc:2    | Killed an orc sorcerer
 10356 | Orc:2    | Noticed an orc high priest
 10357 | Orc:2    | Noticed an orc knight
 10358 | Orc:2    | Noticed an orc warlord
 10600 | D:10     | Noticed a two-headed ogre
 10609 | D:10     | Killed a two-headed ogre
 10690 | D:10     | Found a hide-covered altar of Uskayaw.
 10703 | D:10     | Reached skill level 7 in Axes
 11174 | D:11     | Noticed Harold
 11181 | D:11     | Killed Harold
 11182 | D:11     | Found a staircase to the Lair.
 11293 | D:11     | Noticed a two-headed ogre
 11299 | D:11     | Killed a two-headed ogre
 11493 | D:11     | Noticed a soul eater
 11496 | D:11     | Reached skill level 10 in Fighting
 11496 | D:11     | Reached skill level 8 in Axes
 11758 | D:11     | Found Zeso's Armour Shop.
 11773 | D:11     | Bought a scarf of harm for 144 gold pieces
 11972 | D:11     | Identified the +2 long sword of Extremism {venom, Str+4}
 12170 | D:11     | Identified 3 scrolls of acquirement
 12170 | D:11     | Acquired the amulet of Recklessness {+Inv rPois Will+
                  | Regen+ rCorr}
 12181 | D:11     | Acquired the +7 crystal plate armour of the Kettle-Drum
                  | {Rampage Will+ Dex+3 Stlth+}
 12194 | D:11     | Acquired a +2 executioner's axe of flaming
 12438 | Lair:1   | Entered Level 1 of the Lair of Beasts
 12603 | Lair:1   | Reached XP level 12. HP: 64/106 MP: 11/11
 12697 | Lair:1   | Found a gate leading to a gauntlet.
 12710 | Gauntlet | Entered a Gauntlet
 12710 | Gauntlet | Found a transporter.
 12710 | Gauntlet | Found a transporter.
 12729 | Gauntlet | Reached skill level 9 in Axes
 12742 | Gauntlet | Found a transporter.
 12742 | Gauntlet | Found a transporter.
 12749 | Gauntlet | Found a transporter.
 12778 | Gauntlet | Found a transporter.
 12785 | Gauntlet | Found a transporter.
 12785 | Gauntlet | Found a transporter.
 12794 | Gauntlet | Noticed a quicksilver ooze
 12799 | Gauntlet | Noticed a blizzard demon
 12803 | Gauntlet | Identified the +1 hat "Cophuzeh" {rC+++ Will- Str+5}
 12815 | Gauntlet | Found a transporter.
 12831 | Gauntlet | Found a transporter.
 12839 | Gauntlet | Found a transporter.
 12851 | Gauntlet | Found a transporter.
 12857 | Gauntlet | Identified the +2 cloak of the Forgotten Xenops {rPois
                  | Regen+}
 12885 | Gauntlet | Noticed a minotaur
 12898 | Gauntlet | Killed a minotaur
 12904 | Gauntlet | Identified the +0 leather armour of Anaesthesia {Drain rF+
                  | Dex+2}
 12904 | Gauntlet | Identified the +0 ring mail of Eternal Vigilance {Str+3}
 13169 | Lair:1   | Reached skill level 5 in Armour
 13838 | Lair:2   | Found a staircase to the Snake Pit.
 14046 | Lair:2   | Reached skill level 11 in Axes
 14046 | Lair:2   | Reached XP level 13. HP: 115/115 MP: 12/12
 14494 | Lair:3   | Found a staircase to the Swamp.
 14607 | Lair:3   | Reached skill level 12 in Axes
 14816 | Lair:3   | Found a frozen archway.
 14829 | IceCv    | Entered an ice cave
 14862 | IceCv    | Found a transporter.
 14869 | IceCv    | Found a transporter.
 14928 | Lair:3   | Reached skill level 10 in Armour
 15598 | Lair:4   | Reached XP level 14. HP: 92/124 MP: 13/13
 15600 | Lair:4   | Reached skill level 13 in Axes
 16044 | Lair:4   | Found a runed translucent door.
 16191 | Lair:5   | Entered Level 5 of the Lair of Beasts
 16191 | Lair:5   | Found a staircase to the Slime Pits.
 16191 | Lair:5   | Found a viscous altar of Jiyva.
 16335 | Lair:5   | Received a gift from Trog
 16666 | Lair:5   | Reached skill level 14 in Axes
 17009 | Lair:5   | Reached skill level 10 in Ranged Weapons
 17861 | D:12     | Noticed Nergalle
 17875 | D:12     | Killed Nergalle
 17886 | D:12     | You fall into a shaft and drop 1 floor!
 17907 | D:13     | Identified the +5 quarterstaff of Killer Klown's Peril
                  | {heavy, rN+++ rCorr Str-2 Dex-2} (Trog gifted it to you on
                  | level 13 of the Dungeon)
 17907 | D:13     | Received a gift from Trog
 17913 | D:13     | Reached XP level 15. HP: 127/134 MP: 14/14
 18053 | D:12     | Reached skill level 15 in Axes
 18161 | D:12     | Found an ornate altar of the Wu Jian Council.
 18675 | D:13     | Identified the +2 chain mail of Calculation {Int+2}
 18856 | D:14     | Found Kaohupog's Fire Supplies.
 19511 | D:14     | Found a basalt altar of Yredelemnul.
 19570 | D:14     | Found a gate to the Vaults.
 19963 | D:15     | Entered Level 15 of the Dungeon
 20118 | D:15     | Noticed Kirke
 20127 | D:15     | Reached skill level 16 in Axes
 20129 | D:15     | Noticed a sphinx
 20132 | D:15     | Killed Kirke
 20140 | D:15     | Reached skill level 10 in Evocations
 20472 | D:15     | Found a staircase to the Depths.
 21189 | Orc:1    | Received a gift from Trog
 21332 | Orc:1    | Reached XP level 16. HP: 144/144 MP: 15/15
 21486 | Orc:1    | Reached skill level 15 in Armour
 21489 | Orc:1    | Killed Erolcha
 21641 | Orc:2    | Found Ryry's Antique Weapon Boutique.
 21829 | Orc:2    | Found Ymoplalopp's Antique Armour Shop.
 21893 | Orc:2    | Found Ynoitivo's General Store.
 21911 | Orc:2    | Bought a scroll of acquirement for 780 gold pieces
 21911 | Orc:2    | Acquired the +3 scale mail of the Arcane {Str+10 Int-4
                  | Slay+5}
 21925 | Orc:2    | Gained mutation: You expend magic power (3 MP) to
                  | strengthen your wands. [potion of mutation]
 21925 | Orc:2    | Gained mutation: You have a pair of large horns on your
                  | head. [potion of mutation]
 21926 | Orc:2    | Lost mutation: You expend magic power (3 MP) to strengthen
                  | your wands. [potion of mutation]
 21926 | Orc:2    | Lost mutation: You have a pair of large horns on your head.
                  | [potion of mutation]
 21926 | Orc:2    | Gained mutation: You have sharp fingernails. [potion of
                  | mutation]
 21926 | Orc:2    | Lost mutation: You have sharp fingernails. [potion of
                  | mutation]
 21926 | Orc:2    | Gained mutation: Armour fits poorly on your strangely
                  | shaped body. [potion of mutation]
 21932 | Orc:2    | Lost mutation: Armour fits poorly on your strangely shaped
                  | body. [potion of mutation]
 21932 | Orc:2    | Gained mutation: You have a somewhat thin skeletal
                  | structure. (Dex +2, Stealth+) [potion of mutation]
 21932 | Orc:2    | Gained mutation: Your flesh is cold resistant. (rC+)
                  | [potion of mutation]
 21933 | Orc:2    | Lost mutation: Your flesh is cold resistant. (rC+) [potion
                  | of mutation]
 21933 | Orc:2    | Lost mutation: You have a somewhat thin skeletal structure.
                  | (Dex +2, Stealth+) [potion of mutation]
 21933 | Orc:2    | Gained mutation: Your muscles are strong. (Str +4, Int/Dex
                  | -1) [potion of mutation]
 22142 | Orc:2    | Found Pehit's Jewellery Shop.
 22152 | Orc:2    | Found a staircase to the Elven Halls.
 22336 | Elf:1    | Entered Level 1 of the Elven Halls
 22500 | Snake:1  | Entered Level 1 of the Snake Pit
 22745 | Snake:1  | Reached skill level 17 in Axes
 24783 | Snake:3  | Reached skill level 18 in Axes
 24889 | Snake:3  | Reached XP level 17. HP: 111/154 MP: 16/16
 25267 | Snake:3  | Found a large runed translucent door.
 25274 | Snake:3  | Found a large runed translucent door.
 25286 | Snake:3  | Noticed Puubajux's ghost (adept GrFi)
 25304 | Snake:3  | Killed Puubajux's ghost
 25318 | Snake:3  | Identified the +1 mace of the Mashing Gods {flame, rElec
                  | rN+ Will+ Int-2}
 25555 | Snake:4  | Entered Level 4 of the Snake Pit
 25727 | Snake:4  | Identified the -1 cloak of Alatz {Str+4}
 25827 | Snake:4  | Received a gift from Trog
 26086 | Snake:4  | Reached skill level 15 in Fighting
 28953 | Snake:4  | Reached skill level 19 in Axes
 29010 | Snake:4  | Got a serpentine rune of Zot
 29163 | Snake:4  | Received a gift from Trog
 29517 | Swamp:1  | Entered Level 1 of the Swamp
 30100 | Swamp:1  | Found a runed translucent gate.
 30100 | Swamp:1  | Found a runed translucent gate.
 30100 | Swamp:1  | Found a runed translucent gate.
 30106 | Swamp:1  | Noticed rogue's ghost (journeyman MiCK)
 30452 | Swamp:1  | Killed rogue's ghost
 31545 | Swamp:2  | Noticed a tentacled monstrosity
 31550 | Swamp:2  | Killed a tentacled monstrosity
 31551 | Swamp:2  | Reached XP level 18. HP: 163/163 MP: 17/17
 33429 | Swamp:2  | Found a transporter.
 33489 | Swamp:2  | Noticed Tiex's ghost (adept TrFi)
 33491 | Swamp:2  | Identified the staff of air "Coyf Usu" {+Blink Fly rElec
                  | rC+++ Str-4}
 33519 | Swamp:2  | Found a bloodstained altar of Trog.
 33520 | Swamp:2  | Found a transporter.
 34248 | Swamp:2  | HP: 8/160 [spriggan defender/+2 antimagic rapier (24)]
 34248 | Swamp:2  | Slain by a spriggan defender

Illustrated notes

Levels and vault maps discovered:
D:1:      dpeg_arrival_lava_altar, layout_loops_ring, serial_forest,
          infiniplex_forest_lined_corner, infiniplex_forest_lined_room_2,
          infiniplex_forest_clump_C, infiniplex_forest_straight_2,
          infiniplex_forest_corner_2, infiniplex_forest_clump_medium,
          infiniplex_forest_zigzag_1, infiniplex_forest_clump_cross,
          serial_shops, nicolae_shop_just_a_little_nook
D:2:      layout_basic, uniq_terence
D:3:      layout_loops_ring, portal_sewer_entry_f, kennysheep_generic_room_5,
          uniq_ijyb
D:4:      layout_rooms, uniq_crazy_yiuf_cottage
D:5:      due_chaos_kobolds, layout_basic, uniq_prince_ribbit1
D:6:      minmay_flawed_box, layout_cave_pods, minmay_temple_entry_glass,
          hangedman_decor_peaks_small, hangedman_decor_clover_reticule,
          uniq_maggie
D:7:      layout_basic, serial_shops, kennysheep_little_box,
          chequers_ossuary_entry_cave
D:8:      layout_loops_ring, uniq_maurice
D:9:      layout_cave_pools, nicolae_overflow_hidden_temple, enter_bailey_6,
          serial_glass, glass_columns_b, glass_columns_a, feat_on_display,
          due_unseen_surprise
D:10:     layout_loops_cross, eat_drink_and_be_merry_uskayaw,
          lemuel_doored_altar, orc_0_dummy, nicolae_shop_vocational
D:11:     layout_stronghold, lair_entry_dummy, serial_shops, shop,
          minmay_librarian, uniq_harold
D:12:     layout_basic, nzn_wu_jian_council_hall, uniq_nergalle
D:13:     layout_gridville, kennysheep_generic_room_7
D:14:     layout_roguey, hangedman_vaults_entry_quadrant_bands, serial_bayou,
          serial_bayou_pond_b, serial_bayou_shore_b, serial_bayou_pond_a,
          serial_bayou_shore_b, hangedman_decor_diamond_cutter,
          nicolae_shop_fire_sale [nicolae_sub_dead_trees], st_stairs_14,
          chequers_serial_rivers_small_a, minmay_misc_feat_rugged,
          yredelemnul_altar_generic
D:15:     hangedman_depths_entry_civil_slaughter, layout_loops_cross,
          minmay_misc_feat_secret_circle, uniq_kirke
Lair:1:   layout_hall_layers, gauntlet_entry_generic,
          infiniplex_staircase_pool_2
Lair:2:   layout_cave_shapes, guppyfry_snake_entry_garden
Lair:3:   layout_small_grid, minmay_swamp_entry_swarm,
          portal_ice_cave_demonic_guard
Lair:4:   layout_concentric_octagons, pf_torpor_hydra, serial_bayou_shore_a,
          lemuel_fruit_tree, grunt_megastairs_4
Lair:5:   hangedman_lair_tendril_chambers, layout_gridlike,
          hangedman_lair_in_review, slime_entry_1
Swamp:1:  layout_falls_marsh, gammafunk_ghost_necromancy,
          hangedman_swamp_ruin_wall
Swamp:2:  layout_basic_swamp, gammafunk_ghost_wrathful_warriors,
          nicolae_swamp_dense_foliage, swamp_pool2, water_boxes_lemuel
Snake:1:  layout_onion, serial_bayou_pond_e, hangedman_snake_corridor_cut,
          nicolae_integral_box
Snake:2:  layout_honeycomb
Snake:3:  layout_gridlike, ebering_ghost_disaster_area,
          nicolae_snake_flat_spine, nrook_guardian_serpent_double,
          grunt_megastairs_5, serial_bayou_shore_b
Snake:4:  minmay_snake_end_coiled, layout_cave_town
Orc:1:    layout_diamond_mine, mines_bat_river
Orc:2:    grunt_orc_gardens, layout_caves, grunt_orc_garden, grunt_orc_garden,
          grunt_orc_garden, grunt_orc_garden, uniq_erolcha
Elf:1:    layout_gridlike, hangedman_elf_disciples

Skill      XL: |  1  2  3  4  5  6  7  8  9 10 11 12 13 14 15 16 17 |
---------------+----------------------------------------------------+-----
Axes           | 4 5 8 11 12 14 16 18 19 | 19.6
Stealth        | 1 2 3 4 6 7 8 |  8.0
Fighting       | 4 5 6 8 9 10 11 12 13 14 15 | 15.7
Maces & Flails | 1 2 3 4 5 7 9 11 | 11.0
Evocations     | 1 2 3 5 6 7 8 9 10 11 | 11.9
Ranged Weapons | 4 7 8 10 11 12 14 | 14.4
Armour         | 3 8 10 12 14 16 17 | 17.4
Dodging        | |  2.1

Action                     |  1- 3 |  4- 6 |  7- 9 | 10-12 | 13-15 | 16-18 || total
---------------------------+-------+-------+-------+-------+-------+-------++-------
  Melee: Hand axe          |    50 |       |       |       |       |       ||    50
         Headbutt          |     5 |    15 |    49 |    51 |   116 |   107 ||   343
         Whip              |    12 |   141 |   270 |   203 |       |       ||   626
         Punch             |       |       |     1 |     4 |       |       ||     5
         Executioner's axe |       |       |       |   113 |   548 |   486 ||  1147
         War axe           |       |       |       |    19 |       |       ||    19
   Fire: Shortbow          |       |       |       |    83 |    88 |       ||   171
         Arbalest          |       |       |       |       |    30 |   424 ||   454
  Throw: Boomerang         |       |       |    23 |    20 |     5 |     7 ||    55
         Dart              |       |       |     3 |     9 |       |       ||    12
         Throwing net      |       |       |     1 |       |       |       ||     1
 Invoke: Berserk           |     2 |     2 |    12 |     7 |     8 |     9 ||    40
         Trog's Hand       |       |     1 |    12 |    15 |    18 |    14 ||    60
         Brothers in Arms  |       |       |       |       |     2 |     4 ||     6
  Evoke: Wand              |       |       |     2 |     7 |    10 |     8 ||    27
         Piece from Xom's  |       |       |       |     3 |       |       ||     3
         Tin of tremorston |       |       |       |     4 |       |     4 ||     8
    Use: Scroll            |     4 |     2 |     3 |    31 |     6 |     7 ||    53
         Potion            |       |       |       |     3 |     2 |    13 ||    18
   Stab: Invisible         |       |       |       |     5 |       |     2 ||     7
         Paralysed         |       |       |       |     4 |       |       ||     4
         Petrified         |       |       |       |       |     2 |       ||     2
         Sleeping          |       |       |       |       |       |     3 ||     3
         Distracted        |       |       |       |       |       |     1 ||     1
 Armour: Animal skin       |     6 |       |       |       |       |       ||     6
         Chain mail        |    12 |    78 |    85 |    17 |       |       ||   192
         Plate armour      |       |       |       |   107 |       |       ||   107
         Crystal plate arm |       |       |       |   190 |   692 |    84 ||   966
         Scale mail        |       |       |       |       |       |   348 ||   348
  Dodge: Dodged            |    37 |    47 |    64 |   131 |   291 |   305 ||   875
  Block: Other             |     3 |    38 |    39 |    55 |       |       ||   135
         Reflection        |       |       |     3 |     7 |       |       ||    10

Table legend: (Time is in decaauts)
 A = Elapsed time spent in this place.
 B = Non-inter-level travel time spent in this place.
 C = Inter-level travel time spent in this place.
 D = Time resting spent in this place.
 E = Time spent auto-exploring this place.
 F = Levels seen in this place.
 G = Mean time per level.
                   A        B        C        D        E       F      G
               +--------+--------+--------+--------+--------+-----+--------+
         Total |  34793 |  33093 |   1700 |  10259 |  16152 |  34 | 1023.3 |
       Dungeon |  14477 |  13569 |    908 |   2315 |   8705 |  15 |  965.1 |
          Lair |   5093 |   4764 |    329 |    255 |   3055 |   5 | 1018.6 |
         Swamp |   4836 |   4716 |    120 |   3321 |    898 |   2 | 2418.0 |
     Snake Pit |   7025 |   6840 |    185 |   3301 |   2477 |   4 | 1756.2 |
  Orcish Mines |   1938 |   1782 |    156 |    810 |    561 |   2 |  969.0 |
   Elven Halls |     21 |     21 |      0 |      0 |      0 |   1 |   21.0 |
         Sewer |    543 |    543 |      0 |     57 |    295 |   1 |  543.0 |
       Ossuary |    168 |    168 |      0 |      0 |     84 |   1 |  168.0 |
        Bailey |    393 |    393 |      0 |    176 |     44 |   1 |  393.0 |
      Ice Cave |     81 |     81 |      0 |     21 |      9 |   1 |   81.0 |
      Gauntlet |    213 |    213 |      0 |      0 |     20 |   1 |  213.0 |
               +--------+--------+--------+--------+--------+-----+--------+

Top non-repeatable levels by time:
 Snake:4: 3881 daAuts
 Swamp:2: 3687 daAuts
    D:11: 1471 daAuts
   Orc:1: 1350 daAuts
  Lair:5: 1266 daAuts
     D:6: 1206 daAuts
 Swamp:1: 1149 daAuts
    D:14: 1143 daAuts
 Snake:3: 1092 daAuts
 Snake:1: 1085 daAuts
  Lair:1: 1082 daAuts
    D:15: 1066 daAuts
    D:10: 1053 daAuts
  Lair:3: 1044 daAuts
     D:1: 1032 daAuts
